 Dungeon Crawl Stone Soup version 0.25-a0-1015-g4819203062 (webtiles) character file.

Game seed: 1258878356309711833, levelgen mode: deterministic

25 P0NYSLAYSTATION the Chopper (level 3, 0/33 HPs)
             Began as a Hill Orc Monk on May 12, 2020.
             Was a Believer of Beogh.
             Slain by an iguana (3 damage)
             ... on level 3 of the Dungeon.
             The game lasted 00:02:10 (300 turns).

P0NYSLAYSTATION the Chopper (Hill Orc Monk)          Turns: 300, Time: 00:02:10

Health: 0/33       AC:  5    Str: 14    XL:     3   Next: 4%
Magic:  3/3        EV: 11    Int: 10    God:    Beogh [**....]
Gold:   25         SH:  0    Dex: 13    Spells: 2/2 levels left

rFire    . . .     SeeInvis .   a - +0 hand axe
rCold    . . .     Gourm    .   (no shield)
rNeg     . . .     Faith    .   i - +0 ring mail
rPois    .         Spirit   .   (no helmet)
rElec    .         Reflect  .   (no cloak)
rCorr    .         Harm     .   (no gloves)
MR       .....                  (no boots)
Stlth    +.........             (no amulet)
HPRegen  0.11/turn              (no ring)
MPRegen  0.08/turn              (no ring)

@: no status effects
A: no striking features
a: Smiting, Renounce Religion


You were on level 3 of the Dungeon.
You worshipped Beogh.
Beogh was pleased with you.
You were not hungry.

You visited 1 branch of the dungeon, and saw 4 of its levels.

You collected 25 gold pieces.

Inventory:

Hand Weapons
 a - a +0 hand axe (weapon)
Armour
 b - a +0 robe
 g - a +1 pair of gloves
 i - a +0 ring mail (worn)
Scrolls
 d - a scroll of teleportation {unknown}
 e - a scroll of identify {unknown}
 h - a scroll of fear {unknown}
 j - a scroll of amnesia {unknown}
Comestibles
 c - a ration
 f - 4 chunks of flesh


   Skills:
 + Level 4.0 Fighting
 + Level 4.4 Axes
 + Level 2.7 Dodging
 + Level 1.8 Stealth


You had 2 spell levels left.
You didn't know any spells.
Your spell library was empty.

Dungeon Overview and Level Annotations

Branches:
Dungeon (4/15)
 Temple: D:4-7

Altars:

Annotations:
D:3 vvokhom's ghost, amateur GrFi
D:4 Eustachio; Menkaure; Natasha


Message History

The orc wizard hits the iguana but does no damage.
The iguana bites the orc.
The orc wizard hits the iguana with a +0 dagger.
The iguana bites the orc!
The orc dies!
An iguana is nearby!
The iguana hisses menacingly.
You open the door.
You swap places.
There is an open door here.
You barely miss the iguana.
The iguana is heavily wounded.
The iguana hisses menacingly.
The iguana bites you.
* * * LOW HITPOINT WARNING * * *
You aren't carrying any potions.
You hit the iguana but do no damage.
The iguana is heavily wounded.
The iguana bites you.
You die...

#.........#
##.......## #.
##.....## #.##
##...## ...#
##'## #..# #.#
#...# ###o#
.....#####.#l##
#....#...@.## .
#..........# ..
##.......>## ...
#........# ...
##[#........ #..
#.##.#.####
.Z...##..#.####.#
..=Z..#..#..###.#
.....#..##..##.#


You could see an iguana and a neutral orc (wandering).

Vanquished Creatures
  A hound skeleton (D:4)
  A ball python (D:1)
  A giant cockroach (D:2)
  3 hobgoblins
  A kobold (D:2)
  A bat (D:1)
  A frilled lizard (D:1)
  A goblin (D:3)
  A rat (D:1)
11 creatures vanquished.

Vanquished Creatures (others)
  An orc (D:3)
1 creature vanquished.

Grand Total: 12 creatures vanquished

Notes
Turn   | Place    | Note
-------+----------+-------------------------------------------
     0 | D:1      | P0NYSLAYSTATION the Hill Orc Monk began the quest for the
                  | Orb.
     0 | D:1      | Reached XP level 1. HP: 19/19 MP: 1/1
   165 | D:2      | Reached XP level 2. HP: 24/27 MP: 2/2
   225 | D:3      | Noticed vvokhom's ghost (amateur GrFi)
   268 | D:4      | Reached XP level 3. HP: 28/33 MP: 3/3
   271 | D:4      | Noticed Menkaure
   278 | D:4      | Noticed Eustachio
   283 | D:4      | Noticed Natasha
   285 | D:3      | Became a worshipper of Beogh the Brigand
   285 | D:3      | Reached * piety under Beogh
   285 | D:3      | Reached ** piety under Beogh
   300 | D:3      | Slain by an iguana

Illustrated notes

Levels and vault maps discovered:
D:1:      matt_arrival_los_fun, layout_basic
D:2:      layout_basic, marbit_many_paths
D:3:      layout_loops_corners, gammafunk_ghost_icy, fedhas_altar_3,
          uniq_sigmund, uniq_grinder, uniq_robin
D:4:      layout_cave_pools, eat_drink_and_be_merry_uskayaw, uniq_natasha,
          uniq_menkaure, uniq_eustachio

Skill      XL: |  1  2 |
---------------+-------+-----
Fighting       | 4 |  4.0
Axes           | |  4.4
Dodging        | |  2.7
Stealth        | |  1.8

Action                   || total
-------------------------++-------
Melee: Hand axe          ||    33
Invok: Convert to Beogh  ||     1
 Stab: Sleeping          ||     2
Armor: Robe              ||     3
       Ring mail         ||     5
Dodge: Dodged            ||    20

Table legend:
 A = Non-vault XP
 B = Vault XP
 C = Vault XP percentage of total XP
 D = Non-vault monster count
 E = Vault monster count
 F = Vault count percentage of total count
                 A         B        C        D         E       F
            +---------+---------+-------+---------+---------+-------
      Total |      36 |       0 |   0.0 |      11 |       0 |   0.0
            +---------+---------+-------+---------+---------+-------
        D:1 |       9 |       0 |   0.0 |       6 |       0 |   0.0
        D:2 |       6 |       0 |   0.0 |       3 |       0 |   0.0
        D:3 |       1 |       0 |   0.0 |       1 |       0 |   0.0
        D:4 |      20 |       0 |   0.0 |       1 |       0 |   0.0
            +---------+---------+-------+---------+---------+-------
